 Dungeon Crawl Stone Soup version 0.24-a0-291-g79c1ce7 (webtiles) character file.

Game seed: 3326743538206118942

67 Mgcat the Skirmisher (level 3, 0/30 HPs)
             Began as a Mummy Monk on May 9, 2019.
             Slain by a worker ant (4 damage)
             ... on level 5 of the Dungeon.
             The game lasted 00:07:23 (4340 turns).

Mgcat the Skirmisher (Mummy Monk)                   Turns: 4340, Time: 00:07:24

Health: 0/30       AC:  3    Str: 14    XL:     3   Next: 98%
Magic:  3/3        EV: 13    Int:  9    God:
Gold:   120        SH:  0    Dex: 15    Spells: 2/2 levels left

rFire    x . .     SeeInvis .     - Unarmed
rCold    + . .     Gourm    .   (no shield)
rNeg     + + +     Faith    .   (no armour)
rPois    ∞         Spirit   .   (no helmet)
rElec    .         Reflect  .   c - +2 cloak
rCorr    .         Harm     .   (no gloves)
MR       .....                  (no boots)
Stlth    ++........             (no amulet)
HPRegen  0.10/turn              (no ring)
MPRegen  0.08/turn              (no ring)

@: no status effects
A: no food or potions, fire vulnerability, cold resistance 1, negative energy
resistance 3, torment resistance, unbreathing
a: no special abilities


You were on level 5 of the Dungeon.
You were not hungry.

You visited 1 branch of the dungeon, and saw 5 of its levels.

You collected 120 gold pieces.

Inventory:

Armour
 c - a +2 cloak (worn)
   (You found it on level 1 of the Dungeon)
Scrolls
 a - 3 scrolls of teleportation
 b - a scroll of enchant armour
 d - 5 scrolls of identify
 f - 2 scrolls of remove curse


   Skills:
 + Level 3.7 Fighting
 - Level 2.4 Dodging
 + Level 2.5 Stealth
 + Level 3.0 Unarmed Combat


You had 2 spell levels left.
You didn't know any spells.
Your spell library was empty.

Dungeon Overview and Level Annotations

Branches:
Dungeon (5/15)
 Temple: D:4-7

Altars:

Annotations:
D:3 Sigmund
D:5 exclusion: Ijyb, Ijyb


Innate Abilities, Weirdness & Mutations

You do not eat or drink.
Your flesh is vulnerable to fire.
You are immune to poison.
Your flesh is cold resistant. (rC+)
You are immune to negative energy. (rN+++)
You are immune to unholy pain and torment.
You can survive without breathing.


Message History

Unknown command.
Unknown command.
Found a stone staircase leading up.
Unknown command.
Unknown command.
There is a stone staircase leading up here.
You now have 120 gold pieces (gained 12).
Found a stone staircase leading up.
Unknown command.
Unknown command.
Unknown command.
As you read the scroll labeled ATSUSI ECZUED, it crumbles to dust.
It is a scroll of enchant armour.
Your +0 cloak glows green for a moment.
As you read the scroll of enchant armour, it crumbles to dust.
Your +1 cloak glows green for a moment.
As you read the scroll labeled QIAV FANOUNOCO, it crumbles to dust.
It is a scroll of identify.
e - a scroll of enchant weapon
As you read the scroll of identify, it crumbles to dust.
a - 3 scrolls of teleportation
As you read the scroll of identify, it crumbles to dust.
f - 2 scrolls of remove curse Drop what? 6/52 slots (_ for help) (? for menu, Esc to quit)
You drop a scroll of enchant weapon.
There is a stone staircase leading up here.
You climb upwards.
You hear the sound of rushing water.
There is an entrance to a sewer on this level.
Hurry and find it before the portal rusts away!
A worker ant, a goblin and a hobgoblin come into view.
There is a stone staircase leading down here.
Unknown command.
Unknown command.
Unknown command.
Unknown command.
Unknown command.
The goblin shouts!
The worker ant twitches its antennae in your direction.
You hear a shout!
The hobgoblin shouts!
A goblin comes into view. It is wielding a -2 dagger.
A goblin comes into view. It is wielding a +0 club.
You hear a shout! x3
You hear a shout! x2
You can't go up here!
The worker ant bites you. The hobgoblin barely misses you.
You climb downwards.
Level annotation: exclusion: Ijyb, Ijyb
There is a stone staircase leading up here.
You take 1 damage, and have 29/30 hp.
You hit the worker ant.
The worker ant is lightly wounded.
The worker ant bites you! The hobgoblin barely misses you.
You take 7 damage, and have 22/30 hp.
MASSIVE DAMAGE!!
You hit the hobgoblin.
You kill the hobgoblin!
The worker ant bites you.
You take 2 damage, and have 20/30 hp.
The worker ant closely misses you. The worker ant bites you.
You take 4 damage, and have 16/30 hp.
You closely miss the worker ant.
The worker ant is lightly wounded.
The worker ant bites you but does no damage.
You hit the worker ant.
The worker ant is moderately wounded.
The worker ant bites you.
You take 4 damage, and have 12/30 hp.
You hit the worker ant but do no damage.
The worker ant is moderately wounded.
The worker ant closely misses you.
You hit the worker ant.
The worker ant is severely wounded.
The worker ant closely misses you. The worker ant barely misses you.
You hit the worker ant. Your punch misses the worker ant.
The worker ant is almost dead.
The worker ant barely misses you.
You barely miss the worker ant.
The worker ant is almost dead.
The worker ant bites you.
* * * LOW HITPOINT WARNING * * *
You take 4 damage, and have 9/30 hp.
You hit the worker ant but do no damage.
The worker ant is almost dead.
The worker ant bites you.
* * * LOW HITPOINT WARNING * * *
You take 2 damage, and have 7/30 hp.
You hit the worker ant but do no damage.
The worker ant is almost dead.
The worker ant barely misses you.
You hit the worker ant.
The worker ant is almost dead.
The worker ant closely misses you.
You completely miss the worker ant.
The worker ant is almost dead.
The worker ant bites you.
* * * LOW HITPOINT WARNING * * *
You take 3 damage, and have 4/30 hp.
You barely miss the worker ant.
The worker ant is almost dead.
The worker ant bites you.
You die...

###### .....# ####.#
########### ####.#
#......@a<#
#....#####.#######.#
...........# #.#
#.########## #.# #.#
#.# #.# #.#### ..#
#...?# #.# ####.#
#.# #.#


You could see a worker ant.

Vanquished Creatures
  2 adders
  2 oozes
  A dart slug (D:3)
  A leopard gecko (D:3)
  2 giant cockroaches
  5 goblins
  5 hobgoblins
  4 jackals (D:1)
  2 quokkas
  4 bats
  2 frilled lizards
  3 kobolds (D:1)
  2 rats
35 creatures vanquished.

Notes
Turn   | Place    | Note
-------+----------+-------------------------------------------
     0 | D:1      | Mgcat the Mummy Monk began the quest for the Orb.
     0 | D:1      | Reached XP level 1. HP: 18/18 MP: 1/1
   313 | D:1      | Reached XP level 2. HP: 24/24 MP: 2/2
   374 | D:1      | Reached skill level 2 in Stealth
   377 | D:1      | HP: 5/24 [rat (2)]
   429 | D:1      | HP: 6/24 [jackal (3)]
  1592 | D:2      | Found a faded altar of an unknown god.
  1679 | D:2      | Reached XP level 3. HP: 29/29 MP: 3/3
  2160 | D:2      | HP: 6/29 [gnoll (8)]
  2214 | D:2      | HP: 4/29 [gnoll (4)]
  2609 | D:2      | HP: 4/29 [gnoll (6)]
  3487 | D:3      | Noticed Sigmund
  3832 | D:3      | Reached skill level 3 in Unarmed Combat
  3967 | D:3      | You fall through a shaft for 2 floors!
  3967 | D:5      | Entered Level 5 of the Dungeon
  3968 | D:5      | Noticed Ijyb
  4336 | D:5      | HP: 7/30 [worker ant (2)]
  4340 | D:5      | Slain by a worker ant

Levels and vault maps discovered:
D:1:      ebering_trefoil_3fold, layout_rooms, hex_large, st_stairs_8
D:2:      layout_basic, chequers_ecumenical_altar_simple, serial_glass,
          glass_columns_c, glass_columns_b, guppyfry_early_lair_pool
D:3:      layout_basic, first_ration, minmay_close_crescents, uniq_sigmund
D:4:      layout_loops_ring, bloody_makhleb, nicolae_overflow_hidden_temple,
          serial_shops, nicolae_shop_trees, cheibrodos_sewer_entry_drain,
          fedhas_altar_1, uniq_edmund, uniq_robin, uniq_menkaure
D:5:      cheibrodos_thug_alley, layout_loops_ring, minmay_temple_entry_arrows,
          ebering_ghost_disaster_area, uniq_ijyb

Skill      XL: |  1  2  3 |
---------------+----------+-----
Stealth        | 2 |  2.5
Unarmed Combat | 3 |  3.0
Fighting       | |  3.7
Dodging        | |  2.4

Action                   || total
-------------------------++-------
Melee: Unarmed           ||   163
       Punch             ||     4
  Use: Scroll            ||     5
 Stab: Sleeping          ||     5
Armor: Skin              ||     3
Dodge: Dodged            ||   104

Table legend:
 A = Non-vault XP
 B = Vault XP
 C = Vault XP percentage of total XP
 D = Non-vault monster count
 E = Vault monster count
 F = Vault count percentage of total count
                 A         B        C        D         E       F
            +---------+---------+-------+---------+---------+-------
      Total |      93 |       3 |   3.1 |      33 |       2 |   5.7
            +---------+---------+-------+---------+---------+-------
        D:1 |      32 |       1 |   3.0 |      16 |       1 |   5.9
        D:2 |      25 |       0 |   0.0 |       7 |       0 |   0.0
        D:3 |      23 |       0 |   0.0 |       9 |       0 |   0.0
        D:5 |      13 |       2 |  13.3 |       1 |       1 |  50.0
            +---------+---------+-------+---------+---------+-------

Levels and vault maps discovered:
D:1:      ebering_trefoil_3fold, layout_rooms, hex_large, st_stairs_8
D:2:      layout_basic, chequers_ecumenical_altar_simple, serial_glass,
          glass_columns_c, glass_columns_b, guppyfry_early_lair_pool
D:3:      layout_basic, first_ration, minmay_close_crescents, uniq_sigmund
D:4:      layout_loops_ring, bloody_makhleb, nicolae_overflow_hidden_temple,
          serial_shops, nicolae_shop_trees, cheibrodos_sewer_entry_drain,
          fedhas_altar_1, uniq_edmund, uniq_robin, uniq_menkaure
D:5:      cheibrodos_thug_alley, layout_loops_ring, minmay_temple_entry_arrows,
          ebering_ghost_disaster_area, uniq_ijyb

Table legend:
 A = Turns spent in this place as a percentage of turns spent in the entire game.
 B = Non-inter-level travel turns spent in this place as a percentage of non-inter-level travel turns spent in the entire game.
 C = Inter-level travel turns spent in this place as a percentage of turns spent in this place.
 D = Turns resting spent in this place as a percentage of non-inter-level travel turns spent in this place.
 E = Turns spent auto-exploring this place as a percentage of non-inter-level travel turns spent in this place.
 F = Non-inter-level travel turns spent in this place divided by the number of levels of this place that you've seen.
                   A       B       C       D       E      F
               +-------+-------+-------+-------+-------+----------------------
         Total | 100.0 | 100.0 |   2.3 |  43.8 |  41.1 | 848.2
       Dungeon | 100.0 | 100.0 |   2.3 |  43.8 |  41.1 | 848.2
               +-------+-------+-------+-------+-------+----------------------

Table legend:
 A = Kills in this place as a percentage of kills in entire the game.
 B = Kills by you in this place as a percentage of kills by you in the entire game.
 C = Kills by friends in this place as a percentage of kills by friends in the entire game.
 D = Other kills in this place as a percentage of other kills in the entire game.
 E = Experience gained in this place as a percentage of experience gained in the entire game.
 F = Experience gained in this place divided by the number of levels of this place that you have seen.
                   A       B       C       D       E      F
               +-------+-------+-------+-------+-------+----------------------
         Total | 100.0 | 100.0 |   N/A |   N/A | 100.0 |  19.2
       Dungeon | 100.0 | 100.0 |   N/A |   N/A | 100.0 |  19.2
               +-------+-------+-------+-------+-------+----------------------
